 Dungeon Crawl Stone Soup version 0.30-a0-272-gf98c3da03f (webtiles) character file.

Game seed: 10450089744053351486

4309 greasedhog the Cleaver (level 10, -9/81 HPs)
             Began as a Minotaur Fighter on Oct 16, 2022.
             Was an Elder of Okawaru.
             Mangled by a skeletal warrior
             ... wielding a +0 battleaxe
              (16 damage)
             ... on level 8 of the Dungeon.
             The game lasted 00:07:50 (6959 turns).

greasedhog the Cleaver (Minotaur Fighter)           Turns: 6959, Time: 00:07:51

Health: -9/81      AC: 17    Str: 23    XL:     10   Next: 11%
Magic:  13/13      EV:  8    Int:  7    God:    Okawaru [****..]
Gold:   415        SH: 11    Dex: 10    Spells: 9/9 levels left

rFire   . . .      SeeInvis +    E - +0 broad axe (vamp)
rCold   . . .      Faith    .    c - +1 buckler
rNeg    . . .      Spirit   .    k - +0 plate armour
rPois   .          Reflect  +    (helmet restricted)
rElec   .          Harm     .    (no cloak)
rCorr   .          Rampage  .    (no gloves)
Will    .....                    i - +0 pair of boots
Stlth   ..........               e - amulet of reflection
HPRegen 0.33/turn                v - ring of see invisible
MPRegen 0.13/turn                n - +4 ring of protection

@: no status effects
A: horns 2, retaliatory headbutt
a: Renounce Religion, Heroism, Finesse


You were on level 8 of the Dungeon.
You worshipped Okawaru.
Okawaru was greatly pleased with you.
You visited 1 branch of the dungeon, and saw 8 of its levels.

You collected 415 gold pieces.

Inventory:

Hand Weapons
 E - a +0 vampiric broad axe (weapon)
Missiles
 f - 2 throwing nets (quivered)
Armour
 c - a +1 buckler (worn)
 i - a +0 pair of boots (worn)
 k - a +0 plate armour (worn)
 G - a +0 chain mail
Jewellery
 b - a ring of ice
 e - an amulet of reflection (around neck)
 n - a +4 ring of protection (right hand)
 v - a ring of see invisible (left hand)
Wands
 m - a wand of light (4)
 o - a wand of paralysis (5)
 B - a wand of roots (8)
 C - a wand of flame (40)
Scrolls
 l - 6 scrolls of enchant armour
 p - 4 scrolls of blinking
 u - a scroll of fog
 x - 3 scrolls of teleportation
 y - 2 scrolls of poison {unknown}
 A - 2 scrolls of magic mapping {unknown}
 D - a scroll of immolation {unknown}
Potions
 a - a potion of mutation
 d - 3 potions of might
 g - 5 potions of curing
 h - 2 potions of invisibility
 j - a potion of lignification
 q - a potion of resistance {unknown}
 r - a potion of haste {unknown}
 s - 2 potions of cancellation {unknown}
 t - a potion of degeneration {unknown}
 w - a potion of heal wounds {unknown}
 z - 4 potions of brilliance {unknown}


   Skills:
 - Level 5.1 Fighting
 * Level 10.0 Axes
 - Level 5.1 Armour
 * Level 8.0 Dodging
 + Level 7.8 Shields
 * Level 6.6 Invocations


You had 9 spell levels left.
You didn't know any spells.
Your spell library contained the following spells:

 Spells                   Type           Power      Damage    Failure   Level
 Magic Dart               Conj           0%         1d3       100%        1
 Shock                    Conj/Air       0%         1d3       100%        1
 Slow                     Hex            0%         N/A       100%        1
 Searing Ray              Conj           0%         2d4       100%        2
 Confusing Touch          Hex            0%         N/A       100%        3
 Kindle Blastsparks       Fire/Tloc/Air  0%         2d10      100%        3
 Vampiric Draining        Necr           0%         2d6       100%        3
 Airstrike                Air            0%         2d(0-16)  100%        4
 Fulminant Prism          Conj/Hex       0%         3d6       100%        4
 Olgreb's Toxic Radiance  Pois           0%         N/A       100%        4
 Arcjolt                  Conj/Air       0%         1d10      100%        5
 Yara's Violent Unravell  Hex/Tmut       0%         3d3       100%        5
 Enfeeble                 Hex            0%         N/A       100%        7
 Ozocubu's Refrigeration  Ice            0%         4d7       100%        7
 Borgnjor's Revivificati  Necr           0%         N/A       100%        8
 Ignition                 Fire           0%         3d3       100%        8
 Necromutation            Tmut/Necr      0%         N/A       100%        8
 Death's Door             Necr           0%         N/A       100%        9


Dungeon Overview and Level Annotations

Branches:
Dungeon (8/15)             Temple (0/1) D:6            Lair (0/5) D:8

Altars:
Ashenzari
Cheibriados
Dithmenos
Fedhas
Kikubaaqudgha
Okawaru
Wu Jian
Zin
The Shining One


Innate Abilities, Weirdness & Mutations

You have a pair of horns on your head.
You reflexively headbutt those who attack you in melee.


Message History

The skeletal warrior is severely damaged.
You block the skeletal warrior's attack.
You hit the skeletal warrior.
The skeletal warrior is severely damaged.
The skeletal warrior is no longer blind.
The skeletal warrior splashes around in the water.
You hit the skeletal warrior.
The skeletal warrior is severely damaged.
The skeletal warrior closely misses you.
You furiously retaliate!
You headbutt the skeletal warrior! The skeletal warrior misses you.
Aiming: Bolt of Light
Press: ? - help, Shift-Dir - straight line, f/p - skeletal warrior
Aim: a skeletal warrior, wielding a +0 battleaxe (almost destroyed, 71% to hit)
The bolt of light hits the skeletal warrior.
The skeletal warrior is almost destroyed.
The skeletal warrior is blinded.
You block the skeletal warrior's attack.
You hit the skeletal warrior.
The skeletal warrior is almost destroyed.
The skeletal warrior barely misses you.
You barely miss the skeletal warrior.
The skeletal warrior is almost destroyed.
The skeletal warrior closely misses you.
You hit the skeletal warrior but do no damage.
The skeletal warrior is almost destroyed.
The skeletal warrior barely misses you.
You hit the skeletal warrior but do no damage.
The skeletal warrior is almost destroyed.
The skeletal warrior hits you with a +0 battleaxe!
* * * LOW HITPOINT WARNING * * *
You closely miss the skeletal warrior.
Your headbutt misses the skeletal warrior.
The skeletal warrior is almost destroyed.
The skeletal warrior hits you with a +0 battleaxe!
* * * LOW HITPOINT WARNING * * *
You closely miss the skeletal warrior.
The skeletal warrior is almost destroyed.
The skeletal warrior hits you with a +0 battleaxe!
You die...

##############..##########....#.#
..........###..##....~~~~##...#.#
[..########...##~########.###...#
...'.# #...###~## .P~$≈##.###..#
..#########..##~# .~P.≈≈#.# ##.#
..#(...(..##.##.# ..P[$S#.# #.#
..#..........##.#+ .P.~≈S#)# #.#
..#.._)...##.##..# ....≈##~## #>#
..#..♣....#..###@##########~###.#
###.......#'####z~# ..=?≈##~##.#
.....(....#....##~# .PP.≈≈#~##.#
###.......#.##.##~# ..~($S#.##.#
..#..~.~..#.#...#.# .~.~≈S#.##.#
#.#.~~~~~.#.#.###.. .P.~≈##'##.#
..#.~~~~~.#.#.# ##.########...#.#
..#~~~~~~~#.#.# ####........÷...#
.##########.#.###....########.###


You could see a skeletal warrior (blind).

Vanquished Creatures
  A rime drake (D:8)
  A troll (D:7)
  Sigmund (D:4)
  Eustachio (D:4)
  A steam dragon (D:8)
  2 acid dragons
  2 water moccasins
  3 ice beasts (D:8)
  3 orc warriors
  A sky beast (D:6)
  3 wolves (D:8)
  A centaur (D:6)
  An ogre (D:4)
  A kobold brigand (D:7)
  2 bullfrogs
  3 gnoll sergeants
  A necrophage (D:3)
  3 scorpions
  5 killer bees (D:8)
  2 howler monkeys
  A jelly (D:8)
  4 hounds
  3 orc priests
  A gnoll bouda (D:8)
  4 iguanas
  12 orc wizards
  16 gnolls
  8 adders
  A white imp (D:5)
  2 worms (D:2)
  2 dart slugs
  25 orcs
  5 ball pythons
  2 bat zombies (D:8)
  5 endoplasms
  3 giant cockroaches
  7 goblins
  6 hobgoblins
  3 quokkas
  3 bats
  6 frilled lizards
  18 kobolds
  2 rats
177 creatures vanquished.

Notes
Turn   | Place    | Note
-------+----------+-------------------------------------------
     0 | D:1      | greasedhog the Minotaur Fighter began the quest for the
                  | Orb.
     0 | D:1      | Reached XP level 1. HP: 19/19 MP: 0/0
   228 | D:1      | Reached XP level 2. HP: 21/27 MP: 1/1
   491 | D:1      | Reached skill level 3 in Axes
   777 | D:2      | Reached XP level 3. HP: 33/33 MP: 2/2
  1432 | D:2      | Reached XP level 4. HP: 41/41 MP: 3/3
  1881 | D:3      | Reached skill level 4 in Axes
  2049 | D:3      | Noticed a necrophage
  2062 | D:3      | Killed a necrophage
  2063 | D:3      | Reached skill level 5 in Fighting
  2063 | D:3      | Reached XP level 5. HP: 47/48 MP: 4/4
  2144 | D:3      | Found a faded altar of an unknown god.
  2467 | D:4      | Noticed an ogre
  2473 | D:4      | Killed an ogre
  2474 | D:4      | Reached skill level 1 in Dodging
  2474 | D:4      | Reached XP level 6. HP: 56/56 MP: 5/5
  2619 | D:4      | Found a glowing golden altar of the Shining One.
  2711 | D:4      | Noticed Sigmund
  2727 | D:4      | Killed Sigmund
  2728 | D:4      | Reached skill level 5 in Axes
  2728 | D:4      | Reached skill level 5 in Shields
  2858 | D:4      | Found an iron altar of Okawaru.
  2869 | D:4      | Became a worshipper of Warmaster Okawaru
  2987 | D:4      | Noticed Eustachio
  2997 | D:4      | Killed Eustachio
  2998 | D:4      | Reached skill level 5 in Armour
  2998 | D:4      | Reached XP level 7. HP: 56/61 MP: 6/6
  3156 | D:5      | Entered Level 5 of the Dungeon
  3245 | D:5      | Reached skill level 6 in Axes
  3250 | D:5      | Reached skill level 1 in Invocations
  3427 | D:5      | Reached * piety under Okawaru
  3516 | D:5      | Found a blossoming altar of Fedhas.
  3677 | D:6      | Found a shadowy altar of Dithmenos.
  3712 | D:6      | Reached XP level 8. HP: 59/68 MP: 8/8
  3826 | D:6      | Found a broken altar of Ashenzari.
  3967 | D:6      | Found a staircase to the Ecumenical Temple.
  4031 | D:6      | Reached skill level 7 in Axes
  4055 | D:6      | Reached ** piety under Okawaru
  4056 | D:6      | Reached skill level 5 in Dodging
  4091 | D:6      | Found an ornate altar of the Wu Jian Council.
  4330 | D:6      | Got the Anthology of the Nimbus
  4712 | D:7      | Found a snail-covered altar of Cheibriados.
  4810 | D:7      | Reached skill level 8 in Axes
  5080 | D:7      | Found a glowing silver altar of Zin.
  5080 | D:7      | Noticed a troll
  5091 | D:7      | Killed a troll
  5092 | D:7      | Reached XP level 9. HP: 74/74 MP: 11/11
  5304 | D:7      | Reached skill level 5 in Invocations
  5740 | D:8      | Reached skill level 9 in Axes
  5886 | D:8      | Found an ancient bone altar of Kikubaaqudgha.
  5957 | D:8      | Reached *** piety under Okawaru
  6124 | D:8      | Noticed a rime drake
  6135 | D:8      | Killed a rime drake
  6181 | D:8      | Found a staircase to the Lair.
  6202 | D:8      | Reached XP level 10. HP: 44/81 MP: 13/13
  6207 | D:8      | Reached **** piety under Okawaru
  6485 | D:8      | Found an ornate altar of the Wu Jian Council.
  6886 | D:8      | Reached skill level 10 in Axes
  6928 | D:8      | Noticed a skeletal warrior
  6959 | D:8      | Mangled by a skeletal warrior

Illustrated notes

Levels and vault maps discovered:
D:1:      scummos_arrival_simple_crosswalls, layout_basic, minmay_misc_feat_room
D:2:      layout_loops_ring, serial_rivers, chequers_serial_rivers_large_b,
          chequers_serial_rivers_room_b, chequers_serial_rivers_large_a,
          chequers_serial_rivers_room_a, chequers_serial_rivers_micro_a,
          chequers_serial_rivers_small_a
D:3:      layout_basic, dreamdust_ecumenical_altar_statues,
          minmay_goblin_kobold_house
D:4:      layout_gridville, tso_oasis_becter, pf_just_have_faith, dk_vineyard_3,
          uniq_sigmund, uniq_eustachio
D:5:      layout_basic, fedhas_altar_2
D:6:      layout_loops_ring, mainiacjoe_overflow_catwalk,
          nicolae_overflow_crystal_walls, minmay_temple_entry_grid,
          minmay_ruined_shrine
D:7:      layout_loops_corners, mainiacjoe_overflow_tiny_flanked,
          old_standard_altar
D:8:      cheibrodos_two_vegetables, layout_basic,
          lemuel_zombie_altar_kikubaaqudgha, nzn_wu_jian_contemplation,
          hellmonk_lair_entry_icy, hellmonk_bongcloud_opening,
          hangedman_decor_points

Skill      XL: |  1  2  3  4  5  6  7  8  9 10 |
---------------+-------------------------------+-----
Fighting       | 4 5 |  5.1
Axes           | 3 4 5 6 8 9 10 | 10.0
Shields        | 4 5 6 7 |  7.8
Armour         | 4 5 |  5.1
Dodging        | 1 3 4 6 7 8 |  8.0
Invocations    | 2 4 6 |  6.6

Action                   |  1- 3 |  4- 6 |  7- 9 | 10-12 || total
-------------------------+-------+-------+-------+-------++-------
Melee: War axe           |    47 |    86 |    66 |       ||   199
       Headbutt          |     8 |     9 |    49 |    11 ||    77
       Broad axe         |       |       |   195 |    64 ||   259
Evoke: Wand              |       |     1 |     1 |     4 ||     6
  Use: Scroll            |     6 |     4 |     5 |     1 ||    16
 Stab: Invisible         |       |       |     2 |     1 ||     3
Armor: Scale mail        |    15 |    23 |    38 |       ||    76
       Chain mail        |       |       |    15 |       ||    15
       Plate armour      |       |       |    73 |    16 ||    89
Dodge: Dodged            |    26 |    39 |   137 |    19 ||   221
Block: Buckler           |    15 |    46 |   187 |    26 ||   274
       Reflection        |       |       |     7 |       ||     7

Table legend: (Time is in decaauts)
 A = Elapsed time spent in this place.
 B = Non-inter-level travel time spent in this place.
 C = Inter-level travel time spent in this place.
 D = Time resting spent in this place.
 E = Time spent auto-exploring this place.
 F = Levels seen in this place.
 G = Mean time per level.
                   A        B        C        D        E       F      G
               +--------+--------+--------+--------+--------+-----+--------+
         Total |   7118 |   6889 |    229 |    190 |   5548 |   8 |  889.8 |
       Dungeon |   7118 |   6889 |    229 |    190 |   5548 |   8 |  889.8 |
               +--------+--------+--------+--------+--------+-----+--------+

Top non-repeatable levels by time:
     D:8: 1341 daAuts
     D:7: 1126 daAuts
     D:2: 1023 daAuts
     D:6: 902 daAuts
     D:4: 810 daAuts
     D:1: 734 daAuts
     D:3: 677 daAuts
     D:5: 501 daAuts
